 Dungeon Crawl Stone Soup version 0.17.1-1-g73c8601 (webtiles) character file.

170 Mysteryquy the Cudgeler (level 5, 0/32 HPs)
             Began as a Gargoyle Fighter on Jan 5, 2016.
             Was an Initiate of Okawaru.
             Slain by an orc wizard
             ... wielding a +0 dagger
              (1 damage)
             ... on level 3 of the Dungeon.
             The game lasted 00:03:47 (2120 turns).

Mysteryquy the Cudgeler (Gargoyle Fighter)          Turns: 2120, Time: 00:03:47

Health: 0/32       AC: 10    Str: 21    XL:     5   Next: 51%
Magic:  5/5        EV:  7    Int:  8    God:    Okawaru [......]
Gold:   124        SH:  9    Dex:  9    Spells: 0 memorised, 4 levels left

rFire  . . .     SeeInvis .     a - +0 flail
rCold  . . .     Clarity  .     b - +0 scale mail
rNeg   + . .     SustAt   .     c - +0 shield
rPois  ∞         Gourm    .     (no helmet)
rElec  +         Spirit   .     (no cloak)
rCorr  .         Warding  .     (no gloves)
rMut   .         Stasis   .     (no boots)
MR     .....                    (no amulet)
Stlth  ..........               (no ring)
                                (no ring)

@: flying, not resistant to hostile enchantments, extremely unstealthy
A: negative energy resistance 1, electricity resistance, unbreathing,
petrification resistance, rot immunity, AC +4
a: Renounce Religion


You were on level 3 of the Dungeon.
You worshipped Okawaru.
Okawaru was noncommittal.
You were not hungry.

You visited 1 branch of the dungeon, and saw 3 of its levels.

You collected 124 gold pieces.

Inventory:

Hand Weapons
 a - a +0 flail (weapon)
Missiles
 k - 3 tomahawks (quivered)
Armour
 b - a +0 scale mail (worn)
 c - a +0 shield (worn)
Jewellery
 m - an uncursed amulet of the gourmand {unknown}
Scrolls
 f - 4 scrolls of identify {unknown}
 h - a scroll of blinking {unknown}
 j - a scroll of remove curse {unknown}
 l - 2 scrolls of teleportation {unknown}
 n - a scroll of enchant armour {unknown}
Potions
 d - a potion of might
Comestibles
 e - 3 bread rations


   Skills:
 - Level 3.2 Fighting
 + Level 5.5 Maces & Flails
 - Level 3.2 Armour
 - Level 3.2 Shields


You had 4 spell levels left.
You didn't know any spells.

Dungeon Overview and Level Annotations

Branches:
Dungeon (3/15)

Altars:
Kikubaaqudgha
Okawaru


Innate Abilities, Weirdness & Mutations

You are resistant to torment.
Your stone body is resilient (AC +4).
You are immune to poison.
You resist negative energy.
You are resistant to electric shocks.
You can survive without breathing.
You are immune to petrification.
You are immune to rotting.


Message History

Drink which item? (? for menu, Esc to quit)
It was a potion of magic.
Magic courses through your body.
Something hits you but does no damage. x2
Drink which item? (? for menu, Esc to quit)
It was a potion of flight.
You feel very buoyant.
You fly up into the air.
Something hits you but does no damage.
Drink which item? (? for menu, Esc to quit)
It was a potion of poison.
You feel slightly nauseous.
Something hits you but does no damage. x2
You hit something.
You hear some strange, mumbled words.
A puff of frost appears from out of thin air!
The puff of frost hits you!
* * * LOW HITPOINT WARNING * * *
Something hits you but does no damage.
You closely miss something. Something hits you but does no damage.
You closely miss something. Something hits you but does no damage.
You closely miss something. Something hits you.
You die...

#......@.....#
##...........#
#.##.......?...#
#.......#'######
####.......# ..#.#...#.#
###(#.#...#o# ..
.(.#.....#)# ...
..#.....#@########
#.####.#.†.#.#........#
.##.#..#.#.#.#.########.#
...#..#...#...## #.#
#.#....####...# #.#
###...##)# #...### #.#
......##.# #.....#####.#
....#....# #.....#.....#
....###### #.....#.#####


You could see an orc.

Vanquished Creatures
  An orc wizard (D:3)
  Terence (D:3)
  Robin (D:2)
  3 adders (D:2)
  An ooze (D:1)
  4 worms
  2 giant geckos
  A ball python (D:2)
  A giant cockroach (D:3)
  12 goblins
  16 hobgoblins
  2 bats
  2 giant newts
  2 jackals (D:2)
  6 kobolds
  5 rats
60 creatures vanquished.

Vanquished Creatures (others)
  A jackal (D:3)
  A goblin (D:3)
2 creatures vanquished.

Grand Total: 62 creatures vanquished

Notes
Turn   | Place    | Note
--------------------------------------------------------------
     0 | D:1      | Mysteryquy the Gargoyle Fighter began the quest for the Orb.
     0 | D:1      | Reached XP level 1. HP: 14/14 MP: 1/1
   218 | D:1      | Reached XP level 2. HP: 19/19 MP: 2/2
   744 | D:2      | Reached XP level 3. HP: 18/23 MP: 3/3
  1041 | D:2      | Noticed Robin
  1094 | D:2      | Reached skill level 4 in Maces & Flails
  1118 | D:2      | Killed Robin
  1118 | D:2      | Reached XP level 4. HP: 20/28 MP: 4/4
  1322 | D:2      | Found an ancient bone altar of Kikubaaqudgha.
  1414 | D:2      | Found an iron altar of Okawaru.
  1489 | D:2      | Became a worshipper of Warmaster Okawaru
  2000 | D:3      | Reached skill level 5 in Maces & Flails
  2000 | D:3      | Reached XP level 5. HP: 32/32 MP: 5/5
  2063 | D:3      | Noticed Terence
  2092 | D:3      | Killed Terence
  2117 | D:3      | HP: 1/32 [something/puff of frost (2)]
  2120 | D:3      | Slain by an orc wizard

Action                   |  1- 3 |  4- 6 || total
-------------------------+-------+-------++-------
Melee: Flail             |    95 |   179 ||   274
  Use: Potion            |       |     3 ||     3
  Eat: Chunk             |       |     4 ||     4
